 Dungeon Crawl Stone Soup version 0.31-a0-986-g5e6e4ef867 (webtiles) character file.

Game seed: 2245688054975540752

212 AppTheSpectato the Cutter (level 5, -2/73 HPs)
             Began as a Naga Shapeshifter on Nov 8, 2023.
             Slain by Pargi (7 damage)
             ... on level 3 of the Dungeon.
             The game lasted 00:10:18 (2062 turns).

AppTheSpectato the Cutter (Naga Shapeshifter)       Turns: 2062, Time: 00:10:19

Health: -2/73      AC:  2    Str: 18    XL:     5   Next: 89%
Magic:  14/14      EV: 10    Int: 14    God:
Gold:   872        SH:  0    Dex: 16    Spells: 4/4 levels left

rFire   + + .        l - +1 short sword
rCold   . . .        (no shield)
rNeg    . . .        a - +0 animal skin
rPois   +            (helmet currently unavailable)
rElec   .            (cloak currently unavailable)
rCorr   .            (gloves currently unavailable)
SInv    +            (no barding)
Will    .....        (no amulet) Stlth
                     f - ring of the Komtur {rF++ MP+9 Int+3 Dex+6 SInv}
HPRegen 0.32/turn    (no ring)
MPRegen 0.14/turn

%: no passive effects
@: berserking, beast-form, quick
A: beast (slay +1), AC +1, large, see invisible, deformed body, poison
resistance, slowness 2, spit poison 1, naga tail 1
a: Spit Poison, Begin Untransformation


You were on level 3 of the Dungeon.
You were a hulking beast.
You visited 1 branch of the dungeon, and saw 3 of its levels.

You collected 1353 gold pieces.
You spent 481 gold pieces at shops.

Inventory:

Hand Weapons
 g - a +5 rapier of distortion
 l - a +1 short sword (weapon)
Armour
 a - a +0 animal skin (worn)
Jewellery
 f - the ring of the Komtur (left hand) {rF++ MP+9 Int+3 Dex+6 SInv}
   (You acquired it on level 2 of the Dungeon)

   [ring of dexterity]

   Int+3:     It affects your intelligence (+3).
   Dex+6:     It affects your dexterity (+6).
   rF++:      It greatly protects you from fire.
   MP+9:      It affects your magic capacity (+9).
   SInv:      It lets you see invisible.
Talismans
 c - a beast talisman
 d - a flux talisman
Scrolls
 b - a scroll of noise {unknown}
 i - a scroll of enchant armour {unknown}
Potions
 n - a potion of invisibility {unknown}
 o - a potion of brilliance
 p - a potion of enlightenment


   Skills:
 + Level 3.3 Fighting
 * Level 3.5 Short Blades
 - Level 1.5 Dodging
 - Level 3.4 Unarmed Combat
 - Level 3.3 Shapeshifting


You had 4 spell levels left.
You didn't know any spells.
Your spell library was empty.

Dungeon Overview and Level Annotations

Branches:
Dungeon (3/15)

Altars:

Shops:
D:1 (=[

Annotations:
D:3 Pargi


Innate Abilities, Weirdness & Mutations

You are a hulking beast.
Your limbs bulge with bestial killing power. (Slay +1)
Your serpentine skin is tough. (AC +1)
You have supernaturally acute eyesight. (SInv)
Armour fits poorly on your strangely shaped body.
Your system is resistant to poisons. (rPois)
You cover ground very slowly.
You can spit poison.
You have a snake-like lower body.


Message History

Pargi is heavily wounded.
Pargi pleads, "Don't hit me!"
Pargi completely misses you. Pargi claws you but does no damage.
Pargi claws you.
You closely miss Pargi.
Pargi is heavily wounded.
You closely miss Pargi.
Pargi is heavily wounded.
Pargi bites you. Pargi closely misses you. Pargi barely misses you.
You hit Pargi.
Pargi is severely wounded.
Pargi barely misses you. Pargi misses you. Pargi claws you.
You closely miss Pargi.
Pargi is heavily wounded.
Pargi bites you. Pargi barely misses you. Pargi claws you.
* * * LOW HITPOINT WARNING * * *
A red film seems to cover your vision as you go berserk!
You feel yourself moving faster!
You feel mighty! Pargi bites you.
* * * LOW HITPOINT WARNING * * *
Pargi claws you but does no damage. Pargi barely misses you.
You closely miss Pargi.
Pargi is heavily wounded.
Pargi bites you!
* * * LOW HITPOINT WARNING * * *
Pargi claws you but does no damage. x2
You puncture Pargi!
Pargi is severely wounded.
You barely miss Pargi.
Pargi is severely wounded.
Pargi bites you.
* * * LOW HITPOINT WARNING * * *
Pargi claws you but does no damage. Pargi claws you.
* * * LOW HITPOINT WARNING * * *
You puncture Pargi!
Pargi is almost dead.
A worm comes into view.
You closely miss Pargi.
Pargi is almost dead.
Pargi bites you!
You die...

..# #.#
#.# #.#
... #.#
#.# #h#
#T......#
w.....##.
####.###
#. #. ##


You could see Pargi and a worm.

Vanquished Creatures
  Sigmund (D:2)
  A gnoll (D:1)
  A worm (D:2)
  A dart slug (D:1)
  2 ball pythons
  5 bats
  3 endoplasms (D:1)
  A giant cockroach (D:1)
  6 goblins
  6 hobgoblins
  2 quokkas (D:1)
  5 kobolds (D:1)
  3 rats
37 creatures vanquished.

Notes
Turn   | Place    | Note
-------+----------+-------------------------------------------
     0 | D:1      | AppTheSpectato the Naga Shapeshifter began the quest for
                  | the Orb.
     0 | D:1      | Reached XP level 1. HP: 18/18 MP: 1/1
    96 | D:1      | Reached XP level 2. HP: 7/25 MP: 2/2
   384 | D:1      | Reached XP level 3. HP: 32/32 MP: 3/3
   610 | D:1      | Found Wiuddir's Weapon Emporium.
   823 | D:1      | Found Sopabafa's Armour Boutique.
  1205 | D:1      | Found Hisch's Jewellery Boutique.
  1412 | D:2      | Reached skill level 1 in Short Blades
  1725 | D:2      | Noticed Sigmund
  1742 | D:2      | Killed Sigmund
  1743 | D:2      | Reached XP level 4. HP: 17/42 MP: 4/4
  1743 | D:2      | Reached XP level 5. HP: 20/49 MP: 5/5
  1918 | D:2      | Identified 2 scrolls of acquirement
  1918 | D:2      | Acquired the ring of the Komtur {rF++ MP+9 Int+3 Dex+6
                  | SInv}
  1921 | D:2      | Acquired 1190 gold pieces
  2013 | D:1      | Bought a +5 rapier of distortion for 481 gold pieces
  2040 | D:3      | Noticed Pargi
  2062 | D:3      | Slain by Pargi

Illustrated notes

Levels and vault maps discovered:
D:1:      amcnicky_arrival_underground_garden, layout_basic, serial_shops,
          nicolae_shop_back_alley_shop, shop_coins, nicolae_shop_stone
D:2:      layout_loops_ring, uniq_sigmund
D:3:      layout_loops_ring, serial_shops, nicolae_shop_real_fake_doors,
          uniq_pargi, uniq_crazy_yiuf_cottage, uniq_ijyb

Skill      XL: |  1  2  3 |
---------------+----------+-----
Fighting       | 3 |  3.3
Short Blades   | 3 |  3.5
Dodging        | |  1.5
Unarmed Combat | |  3.4
Shapeshifting  | |  3.3

Action                     |  1- 3 |  4- 6 || total
---------------------------+-------+-------++-------
  Melee: Unarmed           |    50 |       ||    50
         Punch             |     4 |       ||     4
         Short sword       |    43 |    24 ||    67
Ability: Spit Poison       |    18 |       ||    18
    Use: Scroll            |     1 |     9 ||    10
         Potion            |     1 |     1 ||     2
   Stab: Sleeping          |       |     1 ||     1
 Armour: Animal skin       |    66 |    29 ||    95
         Skin              |     5 |       ||     5
  Dodge: Dodged            |    39 |    23 ||    62

Table legend: (Time is in decaauts)
 A = Elapsed time spent in this place.
 B = Non-inter-level travel time spent in this place.
 C = Inter-level travel time spent in this place.
 D = Time resting spent in this place.
 E = Time spent auto-exploring this place.
 F = Levels seen in this place.
 G = Mean time per level.
                   A        B        C        D        E       F      G
               +--------+--------+--------+--------+--------+-----+--------+
         Total |   2572 |   2386 |    186 |     94 |   1957 |   3 |  857.3 |
       Dungeon |   2572 |   2386 |    186 |     94 |   1957 |   3 |  857.3 |
               +--------+--------+--------+--------+--------+-----+--------+

Top non-repeatable levels by time:
     D:1: 1675 daAuts
     D:2: 879 daAuts
     D:3: 17 daAuts
